 Dungeon Crawl Stone Soup version bcrawl-1.39.1 (webtiles) character file.

Game seed: 4177995660257526962

319457 Mehrunes the Arsonist (level 16, -22/127 HPs)
             Began as a Mummy Conjurer on Sept 25, 2023.
             Was a High Priest of Vehumet.
             Shot with an arrow by Vashnia (30 damage)
             ... on level 3 of the Snake Pit.
             The game lasted 02:43:31 (45156 turns).

Mehrunes the Arsonist (Mummy Conjurer)             Turns: 45156, Time: 02:43:32

Health: -22/127    AC:  9    Str: 17    XL:     16   Next: 63%
Magic:  9/32       EV: 15    Int: 23    God:    Vehumet [*****.]
Gold:   552        SH: 13    Dex: 12    Spells: 1/39 levels left

rFire    + + .     GDR:     24% c - +6 rapier (elec)
rCold    + . .     SeeInvis .   F - +2 buckler {rF+}
rNeg     + + +     Gourm    .   n - +2 robe {rF+}
rPois    ∞         Faith    .   p - +2 hat {MR+}
rElec    .         Spirit   .   o - +0 cloak
rCorr    .         Reflect  +   E - +0 pair of gloves
MR       +++..     Clarity  +   m - +0 pair of boots
Stlth    ++........             b - +4 amulet of reflection
HPRegen  0.31/turn              x - ring of wizardry
MPRegen  0.23/turn              S - ring "Kelokufux" {rF+ Str+4 Int+3}

@: about to teleport, sap magic, very slightly contaminated, studying Stealth,
magic sapped
A: no food or potions, fire vulnerability, clarity, cold resistance 1, negative
energy resistance 3, torment resistance, unbreathing, strong hexes 1
a: Renounce Religion


You were on level 3 of the Snake Pit.
You worshipped Vehumet.
Vehumet was extremely pleased with you.
You were not hungry.

You visited 5 branches of the dungeon, and saw 23 of its levels.
You also visited: Ossuary.

You collected 2204 gold pieces.
You spent 1652 gold pieces at shops.

Inventory:

Hand Weapons
 c - a +6 rapier of electrocution (weapon)
 C - a +1 scimitar of flaming
 P - the +9 longbow of Vuiqink {flame, MP+9 Stlth+, unknown}
   (You found it on level 11 of the Dungeon)

   It causes projectiles fired from it to surge with flame as they hit,
   increasing damage dealt by approximately one third against foes not resistant
   or susceptible to fire.
   It affects your magic capacity (+9).
   It makes you more stealthy.
Missiles
 y - 2 throwing nets {=f}
 B - 40 needles of confusion
Armour
 m - a +0 pair of boots (worn)
 n - a +2 robe of fire resistance (worn)
 o - a +0 cloak (worn)
 p - a +2 hat of magic resistance (worn)
 s - a +1 helmet
 D - a +2 robe
 E - a +0 pair of gloves (worn)
 F - a +2 buckler of fire resistance (worn)
 R - a +0 troll leather armour
Magical Staves
 Q - an uncursed staff of power
Jewellery
 a - an uncursed ring of stealth
 b - a +4 amulet of reflection (around neck)
 w - an uncursed ring of protection from fire
 x - a ring of wizardry (left hand)
 H - the cursed ring "Ahecepn" {Fire rElec Int+3 Slay-6}
   (You took it off a kobold brigand on level 12 of the Dungeon)

   [ring of fire]

   It enhances your fire magic.
   It affects your intelligence (+3).
   It affects your accuracy and damage with ranged weapons and melee attacks
   (-6).
   It protects you from fire.
   It makes you vulnerable to cold.
   It insulates you from electricity.
   It has a curse placed upon it.
 I - an uncursed amulet of guardian spirit
 K - the ring "Relam" {Fire MR+}
   (You found it on level 5 of the Lair of Beasts)

   [ring of fire]

   It enhances your fire magic.
   It protects you from fire.
   It makes you vulnerable to cold.
   It affects your resistance to hostile enchantments.
 S - the ring "Kelokufux" (right hand) {rF+ Str+4 Int+3}
   (You bought it in a shop on level 12 of the Dungeon)

   [ring of strength]

   It affects your strength (+4).
   It affects your intelligence (+3).
   It protects you from fire.
Wands
 f - a wand of disintegration (27)
 l - a wand of digging (33)
 q - a wand of flame (19)
 t - a wand of scattershot (3)
 u - a wand of iceblast (50)
 v - a wand of paralysis (48)
 G - a wand of polymorph (13)
 L - a wand of acid (15)
 M - a wand of clouds (6)
 O - a wand of random effects (10)
Scrolls
 d - 2 scrolls of amnesia
 e - 3 scrolls of immolation
 g - 4 scrolls of fog
 h - 10 scrolls of remove curse
 i - 11 scrolls of identify
 j - a scroll of fear
 r - 3 scrolls of revelation
 A - 2 scrolls of enchant armour
 T - a scroll of summoning
 U - a scroll of brand weapon
 V - a scroll of enchant weapon
Miscellaneous
 J - a box of beasts
 N - a phial of floods


   Skills:
 - Level 12.0 Fighting
 - Level 5.0 Short Blades
 - Level 8.0 Dodging
 - Level 2.1 Stealth
 - Level 8.6 Shields
 - Level 12.0 Spellcasting
 - Level 10.6 Conjurations
 - Level 4.5 Transmutations
 + Level 12.8 Fire Magic
 - Level 8.1 Earth Magic


You had one spell level left.
You knew the following spells:

 Your Spells              Type           Power        Failure   Level  Hunger
a - Magic Dart            Conj           ####         1%          1    N/A
b - Searing Ray           Conj           ######..     1%          2    N/A
c - Stone Arrow           Conj/Erth      ######       1%          3    N/A
d - Irradiate             Conj/Tmut      #####.....   3%          5    N/A
e - Conjure Flame         Conj/Fire      ######..     1%          3    N/A
f - Iron Shot             Conj/Erth      ######....   6%          6    N/A
g - Bolt of Magma         Conj/Fire/Erth ######....   1%          5    N/A
h - Lee's Rapid Deconstr  Erth           ######....   2%          5    N/A
i - Ignition              Fire           ######....   36%         8    N/A

Your spell library contained the following spells:

 Spells                   Type           Power        Failure   Level  Hunger
 Iskenderun's Battlesphe  Conj/Chrm      #####...     6%          5    N/A
 Freeze                   Ice            ##....       2%          1    N/A
 Necrotize                Necr           ##....       10%         1    N/A
 Static Discharge         Air            ##....       10%         1    N/A
 Iskenderun's Mystic Bla  Conj           ######..     1%          3    N/A
 Fireball                 Conj/Fire      ######....   1%          5    N/A
 Passwall                 Tmut/Erth      #####...     2%          2    N/A
 Mephitic Cloud           Conj/Pois/Air  ####....     2%          3    N/A
 Fulminant Prism          Conj/Hex       ######....   3%          4    N/A
 Bolt of Fire             Conj/Fire      ######....   3%          6    N/A
 Sticks to Snakes         Tmut           ####....     4%          2    N/A
 Bolt of Draining         Conj/Necr      #####.....   6%          5    N/A
 Blink                    Tloc           N/A          12%         2    N/A
 Call Imp                 Summ           ##....       12%         2    N/A
 Poisonous Vapours        Pois/Air       ##....       12%         2    N/A
 Steam Barrier            Chrm/Fire      #####.....   16%         5    N/A
 Bolt of Cold             Conj/Ice       #####.....   22%         6    N/A
 Poison Arrow             Conj/Pois      #####.....   22%         6    N/A
 Freezing Cloud           Ice/Air        ##......     32%         5    N/A
 Shadow Creatures         Summ           N/A          100%        7    N/A
 Dragon's Call            Summ           ##........   100%        9    N/A
 Beastly Appendage        Tmut           Unusable     N/A         1    N/A
 Spider Form              Tmut/Pois      Unusable     N/A         3    N/A
 Ice Form                 Ice/Tmut       Unusable     N/A         4    N/A
 Tree Form                Hex/Tmut       Unusable     N/A         4    N/A
 Blade Hands              Tmut           Unusable     N/A         5    N/A

Dungeon Overview and Level Annotations

Branches:
Dungeon (12/12)            Temple (1/1) D:6            Lair (6/6) D:8
  Swamp (0/3) Lair:4        Snake (3/3) Lair:4        Slime (0/5) Orc
    Orc (1/1) D:10            Elf (0/3) Lair:5       Vaults (0/3) D:12
 Depths (0/5) D:12

Altars:
Ashenzari
Cheibriados
Dithmenos
Gozag
Hepliaklqana
Kikubaaqudgha
Lugonu
Makhleb
Nemelex Xobeh
Okawaru
Qazlal
Ru
Sif Muna
Trog
Uskayaw
Vehumet
Wu Jian
Xom
Yredelemnul
Jiyva

Shops:
D:4 [   D:5 =(%(   D:9 ?%*   D:10 !   D:12 =   Orc (=!*   Snake:1 [}}*?

Annotations:
D:6 exclusion: ugly thing
Lair:5 1 runed translucent door, yrara's ghost, journeyman DsFi
Snake:2 Roxanne
Snake:3 Vashnia


Innate Abilities, Weirdness & Mutations

You do not eat or drink.
Your flesh is vulnerable to fire.
You are immune to poison.
You possess an exceptional clarity of mind.
Your flesh is cold resistant. (rC+)
You are immune to negative energy. (rN+++)
You are immune to unholy pain and torment.
You can survive without breathing.
Your hexes are more powerful.


Message History

You hear a grinding noise.
A mana viper comes into view.
Your surroundings seem slightly different.
A naga comes into view. It is wielding a +0 halberd.
The naga sharpshooter casts a spell.
The naga sharpshooter magically shoots an arrow.
The arrow hits you!
* * * LOW HITPOINT WARNING * * *
The naga sharpshooter unwields a +0 hand axe.
The naga sharpshooter wields a +0 shortbow.
The naga sharpshooter casts a spell.
The naga sharpshooter magically shoots an arrow.
The arrow hits you.
* * * LOW HITPOINT WARNING * * *
The mana viper moves out of view.
As you read the scroll of teleportation, it crumbles to dust.
You feel strangely unstable.
Vashnia unwields a +4 dire flail of protection.
Vashnia wields a +0 longbow.
Vashnia shoots an arrow.
The arrow hits you!!
You die...

##S.# ###########
#..)#
###../......#
#..#
............#
#..# #.........#
## ...#
#.........###.#
..##
##........)##§##
##
#...#.###).....#
#.#.#..........#
...#(#####@.....#
...###.# #.##)###
...## ... .NN...#
.. .......NN.## #
.....SNN###
......N# .....N#
.....N.# ...


You could see Vashnia, a naga warrior, 4 naga sharpshooters, a salamander, a
mana viper and 2 nagas.

Vanquished Creatures
  Gastronok (Lair:2)
  A sphinx (shapeshifter) (D:12)
  2 nagarajas
  A frost giant (D:11)
  An orc warlord (D:10)
  A fire giant (D:11)
  Aizul (Snake:2)
  The ghost of Morbidden the Slicer, a journeyman VSAc of Vehumet (D:11)
  An ironheart preserver (D:12)
  3 ettins (D:12)
  Erolcha (D:9)
  4 naga warriors
  Harold (Lair:2)
  2 rakshasas (D:12)
  2 catoblepae
  Psyche (D:9)
  An anaconda (Snake:1)
  7 hydras
  Erica (D:8)
  5 two-headed ogres
  6 death yaks
  2 tengu warriors
  4 naga sharpshooters
  A sea snake (shapeshifter) (D:11)
  3 orc high priests (Orc)
  3 shock serpents (Snake:2)
  A centaur warrior (D:12)
  2 salamander mystics (Snake:2)
  2 naga ritualists (Snake:1)
  An unseen horror (D:12)
  A glowing orange brain (D:11)
  8 orc knights
  A wolf spider (shapeshifter) (D:12)
  A necromancer (D:11)
  6 mana vipers
  2 cyclopes
  A deep elf mage (D:11)
  6 orc sorcerers (Orc)
  2 wolf spider zombies
  5 ugly things
  2 wolf spiders
  3 oklob plants (Lair:2)
  8 salamanders
  2 manticores
  23 slime creatures
  10 elephants
  A torpor snail (Lair:6)
  17 black mambas
  2 guardian serpents
  6 naga magi
  7 cane toads
  3 kobold demonologists
  2 freezing wraiths (D:11)
  2 rime drakes
  12 komodo dragons
  2 tengu conjurers (D:11)
  An efreet (D:12)
  2 eyes of draining
  5 trolls
  3 meliai (D:12)
  9 polar bears (Lair:6)
  9 blink frogs
  A hornet (D:12)
  Grinder (D:3)
  4 harpy skeletons
  10 hippogriffs
  5 dream sheep (Lair:6)
  Sigmund (D:2)
  3 shadows
  2 wyverns
  53 yaks
  A vampire (D:10)
  A human (shapeshifter) (D:10)
  5 wraiths
  3 basilisks
  2 hungry ghosts
  2 vampire mosquitoes
  6 wargs
  27 nagas
  2 swamp worms (Lair:4)
  An acid dragon (D:8)
  17 crocodiles
  13 water moccasins
  17 hell hounds (Lair:6)
  A water moccasin (shapeshifter) (D:12)
  12 porcupines
  A hornet zombie (D:9)
  3 ice beasts
  14 black bears
  18 orc warriors
  8 sky beasts
  27 wolves
  5 ogres
  A necrophage (D:10)
  2 phantoms
  5 boggarts (D:12)
  20 bullfrogs
  A bullfrog (shapeshifter) (D:12)
  2 gnoll sergeants
  2 kobold brigands
  12 centaurs
  A hornet simulacrum (D:11)
  4 scorpions
  A water moccasin skeleton (D:7)
  5 wights
  An electric eel (Lair:6)
  3 howler monkeys (D:9)
  6 jellies
  15 orc priests
  6 crimson imps
  A bullfrog zombie (D:8)
  4 hounds
  3 bullfrog skeletons
  20 orc wizards
  3 iguanas
  Jessica (D:3)
  11 worker ants
  A hound skeleton (D:6)
  A mummy (D:5)
  7 gnolls
  A howler monkey skeleton (D:7)
  A howler monkey zombie (D:6)
  15 adders
  2 shadow imps
  An adder zombie (D:4)
  2 adder skeletons
  4 dart slugs
  5 worms
  5 leopard geckos
  52 orcs
  4 giant cockroaches
  2 goblins (D:1)
  8 hobgoblins
  12 jackals
  16 kobolds
  4 quokkas
  A ball python skeleton (Ossuary)
  9 bats
  2 frilled lizards
  3 hobgoblin skeletons (Ossuary)
  3 hobgoblin zombies
  A kobold zombie (Ossuary)
  An orc skeleton (Ossuary)
  3 orc zombies
  3 rats
  5 plants
797 creatures vanquished.

Vanquished Creatures (others)
  A centaur warrior (D:12)
  A naga sharpshooter (Snake:2)
  2 centaurs
  An orc (Orc)
  8 fungi
  27 plants
40 creatures vanquished.

Grand Total: 837 creatures vanquished

Notes
Turn   | Place    | Note
-------+----------+-------------------------------------------
     0 | D:1      | Mehrunes the Mummy Conjurer began the quest for the Orb.
     0 | D:1      | Reached XP level 1. HP: 13/13 MP: 4/4
   182 | D:1      | Reached XP level 2. HP: 20/20 MP: 2/5
   203 | D:1      | Learned a level 2 spell: Searing Ray
   375 | D:1      | Reached skill level 1 in Fighting
   942 | D:2      | Reached XP level 3. HP: 26/26 MP: 2/7
  1003 | D:2      | Learned a level 3 spell: Iskenderun's Mystic Blast
  1179 | D:2      | Found a sparkling altar of Nemelex Xobeh.
  1567 | D:2      | Noticed Sigmund
  2130 | D:2      | Reached XP level 4. HP: 33/33 MP: 4/9
  2215 | D:3      | Found a bloodstained altar of Trog.
  2512 | D:3      | Noticed Grinder
  2530 | D:3      | Noticed Jessica
  2548 | D:3      | Killed Jessica
  2549 | D:3      | Reached XP level 5. HP: 33/38 MP: 0/10
  2604 | D:3      | Learned a level 5 spell: Irradiate
  2711 | D:3      | HP: 1/39 [orc wizard/magic dart (2)]
  3620 | D:4      | Reached skill level 1 in Transmutations
  3620 | D:4      | Reached XP level 6. HP: 46/46 MP: 5/12
  3756 | D:4      | Noticed a sky beast
  3833 | D:4      | Found Yguganti's Antique Armour Shop.
  3887 | D:4      | Noticed a sky beast
  3890 | D:4      | Killed a sky beast
  4487 | D:4      | Reached XP level 7. HP: 42/52 MP: 6/14
  4748 | D:4      | Reached skill level 5 in Spellcasting
  5259 | D:4      | Found a basalt altar of Yredelemnul.
  5263 | D:4      | Found a glowing golden altar of the Shining One.
  5266 | D:4      | Found an ancient bone altar of Kikubaaqudgha.
  5351 | D:4      | Found a shimmering altar of Xom.
  5353 | D:4      | Found a stormy altar of Qazlal.
  5353 | D:4      | Found a radiant altar of Vehumet.
  5355 | D:4      | Found a basalt altar of Yredelemnul.
  5355 | D:4      | Found an ancient bone altar of Kikubaaqudgha.
  5355 | D:4      | Found a shimmering blue altar of Sif Muna.
  6023 | D:4      | Reached XP level 8. HP: 60/60 MP: 6/15
  6258 | D:4      | Found a shimmering altar of Xom.
  6622 | D:4      | Found a basalt altar of Yredelemnul.
  6627 | D:4      | Found a glowing golden altar of the Shining One.
  6630 | D:4      | Found an ancient bone altar of Kikubaaqudgha.
  6766 | D:4      | Found Yguganti's Antique Armour Shop.
  6813 | D:5      | Entered Level 5 of the Dungeon
  6855 | D:5      | Found a sand-covered staircase.
  6881 | Ossuary  | Entered an ossuary
  6933 | Ossuary  | Reached skill level 5 in Conjurations
  7163 | Ossuary  | Noticed a flying skull
  7170 | Ossuary  | Noticed a flying skull
  7172 | Ossuary  | Noticed a flying skull
  7213 | Ossuary  | Noticed a flying skull
  7215 | Ossuary  | Noticed a flying skull
  7303 | D:5      | Found Riuchev's Food Shoppe.
  7515 | D:5      | Found a sparkling altar of Nemelex Xobeh.
  7691 | D:5      | Found Luelik's Antique Weapon Shoppe.
  8074 | D:5      | Found Bian Ycu's Weapon Boutique.
  8116 | D:5      | Found Ceir's Jewellery Emporium.
  8535 | D:6      | Reached skill level 5 in Fighting
  8746 | D:6      | Found a staircase to the Ecumenical Temple.
  8756 | Temple   | Entered the Ecumenical Temple
  9023 | Temple   | Became a worshipper of Vehumet
  9104 | D:6      | Noticed a purple ugly thing
 10227 | D:6      | Reached XP level 9. HP: 66/69 MP: 7/16
 10437 | D:7      | Reached * piety under Vehumet
 10437 | D:7      | Offered knowledge of Flame Tongue by Vehumet.
 10489 | D:7      | Learned a level 3 spell: Conjure Flame
 10936 | D:7      | Found a bloodstained altar of Trog.
 10936 | D:7      | Found a shattered altar of Ashenzari.
 10936 | D:7      | Found a corrupted altar of Lugonu.
 11069 | D:7      | Found a burning altar of Makhleb.
 11074 | D:7      | Found a glowing silver altar of Zin.
 11074 | D:7      | Noticed an angel
 11075 | D:7      | Noticed a green death
 12290 | D:8      | Reached XP level 10. HP: 80/80 MP: 3/17
 12489 | D:8      | Offered knowledge of Shock by Vehumet.
 12610 | D:8      | Reached ** piety under Vehumet
 13023 | D:8      | Found a staircase to the Lair.
 13037 | D:8      | Reached skill level 10 in Conjurations
 13502 | D:8      | Noticed Erica
 13671 | D:5      | Bought a cursed ring of protection from fire for 286 gold
                  | pieces
 13809 | D:3      | Killed Grinder
 13974 | D:2      | Killed Sigmund
 14407 | D:8      | Noticed a two-headed ogre
 14420 | D:8      | Killed a two-headed ogre
 14421 | D:8      | Reached skill level 1 in Short Blades
 14471 | D:8      | Found an iron altar of Okawaru.
 14641 | D:8      | Killed Erica
 14641 | D:8      | Offered knowledge of Stone Arrow by Vehumet.
 14642 | D:8      | Reached XP level 11. HP: 71/87 MP: 6/18
 14729 | D:8      | Learned a level 3 spell: Stone Arrow
 15145 | D:9      | Found Jyceadyc's Magic Scroll Shoppe.
 15156 | D:9      | Found a shimmering blue altar of Sif Muna.
 15164 | D:9      | Got Sif Muna's Reference Book on Dark Arts
 15166 | D:9      | Got Sif Muna's Catalogue of Snow
 15169 | D:9      | Got Sif Muna's Papyrus of Lightness
 15313 | D:9      | Reached *** piety under Vehumet
 15401 | D:9      | Noticed Erolcha
 15402 | D:9      | Found Pyaleb's Food Boutique.
 15406 | D:9      | Killed Erolcha
 15407 | D:9      | Reached skill level 1 in Earth Magic
 15572 | D:9      | Noticed Psyche
 15575 | D:9      | Killed Psyche
 15576 | D:9      | Reached skill level 5 in Dodging
 16033 | D:9      | Found Nomydiog's General Store.
 16083 | D:9      | Offered knowledge of Yara's Violent Unravelling by Vehumet.
 16295 | D:9      | Bought a +1 rapier of electrocution for 289 gold pieces
 16327 | D:9      | Found a sacrificial altar of Ru.
 16436 | D:9      | Reached **** piety under Vehumet
 16438 | D:9      | Offered knowledge of Bolt of Magma by Vehumet.
 16590 | D:9      | Learned a level 5 spell: Bolt of Magma
 16737 | D:10     | Entered Level 10 of the Dungeon
 16846 | D:10     | Noticed an orc knight
 17012 | D:10     | Noticed a brown ugly thing
 17023 | D:10     | Killed a brown ugly thing
 17104 | D:10     | Noticed an orc knight
 17238 | D:10     | Noticed a white ugly thing
 17340 | D:10     | Noticed a red ugly thing
 17499 | D:10     | Found Ponuvva's Distillery.
 17516 | D:10     | Noticed a red ugly thing
 17843 | D:10     | Noticed an orc knight
 17852 | D:10     | Killed an orc knight
 17853 | D:10     | Reached XP level 12. HP: 96/96 MP: 15/23
 17892 | D:10     | Found a staircase to the Orcish Mines.
 18072 | D:10     | Noticed a tengu warrior
 18246 | D:9      | Learned a level 6 spell: Iron Shot
 19146 | D:9      | Reached skill level 10 in Fighting
 19704 | D:10     | Reached skill level 5 in Earth Magic
 20153 | D:10     | Killed a tengu warrior
 20524 | Lair:1   | Entered Level 1 of the Lair of Beasts
 20614 | Lair:1   | Noticed a seven-headed hydra
 20620 | Lair:1   | Killed a seven-headed hydra
 21942 | Lair:2   | Noticed a four-headed hydra
 21947 | Lair:2   | Killed a four-headed hydra
 21948 | Lair:2   | Reached XP level 13. HP: 103/103 MP: 12/25
 22096 | Lair:2   | Noticed Harold
 22638 | Lair:2   | Killed Harold
 22837 | Lair:2   | Noticed Gastronok
 23600 | Lair:2   | Killed Gastronok
 23601 | Lair:2   | Reached skill level 10 in Spellcasting
 24726 | Lair:3   | Identified a scroll of acquirement
 24742 | Lair:3   | Identified the ring of Xawulep {rN+ MR+ MP+9 Int+4 Slay-6}
                  | (You acquired it on level 3 of the Lair of Beasts)
 25355 | Lair:3   | Reached skill level 1 in Shields
 25359 | Lair:3   | Reached skill level 5 in Short Blades
 26193 | Lair:4   | Found a staircase to the Snake Pit.
 26313 | Lair:4   | Found a staircase to the Swamp.
 27683 | Lair:5   | Got a warped amber ring
 27687 | Lair:5   | Identified the ring "Relam" {Fire MR+} (You found it on
                  | level 5 of the Lair of Beasts)
 27839 | Lair:5   | Found a stormy altar of Qazlal.
 27869 | Lair:5   | Found a staircase to the Elven Halls.
 28333 | Lair:5   | Found a runed translucent door.
 28337 | Lair:5   | Noticed yrara's ghost (journeyman DsFi)
 28711 | Lair:5   | Reached ***** piety under Vehumet
 28716 | Lair:5   | Reached XP level 14. HP: 60/113 MP: 6/28
 28850 | Lair:5   | Offered knowledge of Lightning Bolt by Vehumet.
 29096 | Lair:6   | Entered Level 6 of the Lair of Beasts
 29273 | Lair:6   | Reached skill level 1 in Fire Magic
 29360 | Lair:5   | Learned a level 8 spell: Ignition
 29855 | Lair:6   | Reached skill level 5 in Shields
 31669 | Lair:6   | Reached skill level 5 in Fire Magic
 31700 | Lair:6   | Offered knowledge of Lee's Rapid Deconstruction by Vehumet.
 31912 | Lair:6   | Learned a level 5 spell: Lee's Rapid Deconstruction
 33213 | D:11     | Found a runed translucent gate.
 33213 | D:11     | Found a runed translucent gate.
 33214 | D:11     | Found a runed translucent gate.
 33216 | D:11     | Got a steaming longbow
 33222 | D:11     | Noticed Morbidden's ghost (journeyman VSAc)
 33538 | D:11     | Noticed a frost giant
 33597 | D:11     | Noticed a fire giant
 33858 | D:11     | Killed a fire giant
 33997 | D:11     | Killed a frost giant
 33998 | D:11     | Reached XP level 15. HP: 63/120 MP: 11/29
 34688 | D:11     | Killed Morbidden's ghost
 34820 | Orc      | Entered the Orcish Mines
 34820 | Orc      | Noticed an orc warlord
 35004 | Orc      | Offered knowledge of Venom Bolt by Vehumet.
 35037 | D:10     | Killed an orc warlord
 35327 | Orc      | Found Esialeck's Antique Weapon Shop.
 35327 | Orc      | Found Piliuz's Jewellery Emporium.
 35333 | Orc      | Found a staircase to the Slime Pits.
 35333 | Orc      | Found a viscous altar of Jiyva.
 36611 | Orc      | Found Teeb's General Store.
 36653 | Orc      | Found Xoettew's Distillery.
 36700 | Orc      | Bought an uncursed ring of wizardry for 322 gold pieces
 36720 | Orc      | Bought a scroll of enchant weapon for 105 gold pieces
 36720 | Orc      | Bought a scroll of enchant armour for 105 gold pieces
 36958 | D:12     | Entered Level 12 of the Dungeon
 37348 | D:12     | Identified the cursed ring "Ahecepn" {Fire rElec Int+3
                  | Slay-6}
 37439 | D:12     | Found a gate to the Vaults.
 38456 | D:12     | Found a staircase to the Depths.
 39057 | D:12     | Learned a level 8 spell: Ignition
 39165 | D:12     | Noticed a caustic shrike
 39175 | D:12     | Noticed a caustic shrike
 39176 | D:12     | Noticed an acid blob
 39176 | D:12     | a caustic shrike changed into an acid blob
 39180 | D:12     | Noticed a greenwood witch
 39180 | D:12     | an acid blob changed into a greenwood witch
 39183 | D:12     | Noticed a caustic shrike
 39183 | D:12     | a greenwood witch changed into a caustic shrike
 39184 | D:12     | Noticed an acid blob
 39184 | D:12     | a caustic shrike changed into an acid blob
 39186 | D:12     | Noticed a shadow dragon
 39186 | D:12     | an acid blob changed into a shadow dragon
 39250 | D:12     | Noticed a sphinx
 39254 | D:12     | Killed a sphinx
 39839 | D:12     | Found Kicitiarr's Jewellery Shop.
 39847 | D:12     | Bought the ring "Kelokufux" {rF+ Str+4 Int+3} for 545 gold
                  | pieces
 40108 | D:12     | Reached skill level 10 in Fire Magic
 40440 | Snake:1  | Entered Level 1 of the Snake Pit
 40463 | Snake:1  | Reached XP level 16. HP: 123/127 MP: 19/32
 41126 | Snake:1  | Found Atot's Gadget Shop.
 41190 | Snake:1  | Found Remuttepp's Assorted Antiques.
 41271 | Snake:1  | Found Lainn's Magic Scroll Shoppe.
 41380 | Snake:1  | Found Ulurolag's Gadget Shop.
 41761 | Snake:1  | Found Tylu's Armour Boutique.
 42558 | Snake:2  | Offered knowledge of Iskenderun's Battlesphere by Vehumet.
 42563 | Snake:2  | Reached ****** piety under Vehumet
 42860 | Snake:2  | Found a bloodstained altar of Trog.
 42873 | Snake:2  | Noticed Roxanne
 43469 | Snake:2  | Identified the Volume of Mutagenic Calling
 43475 | Snake:2  | Found a shimmering altar of Xom.
 43550 | Snake:2  | Noticed Aizul
 43589 | Snake:2  | Killed Aizul
 43849 | Snake:2  | HP: 4/127 [salamander/+0 glaive (14)]
 45115 | Snake:3  | Entered Level 3 of the Snake Pit
 45120 | Snake:3  | Found a shimmering altar of Xom.
 45120 | Snake:3  | Found a shimmering altar of Xom.
 45120 | Snake:3  | Found a shimmering altar of Xom.
 45152 | Snake:3  | Noticed Vashnia
 45156 | Snake:3  | Shot with an arrow by Vashnia

Skill      XL: |  1  2  3  4  5  6  7  8  9 10 11 12 13 14 15 16 |
---------------+-------------------------------------------------+-----
Spellcasting   | 3 4 5 7 8 10 12 | 12.0
Fighting       | 1 2 3 4 6 8 9 10 11 12 | 12.0
Dodging        | 2 3 4 5 8 |  8.0
Conjurations   | 4 6 8 10 | 10.6
Transmutations | 1 2 4 |  4.5
Short Blades   | 1 4 5 |  5.0
Earth Magic    | 3 7 8 |  8.1
Shields        | 4 7 8 |  8.6
Fire Magic     | 6 10 12 | 12.8
Stealth        | |  2.1

Action                   |  1- 3 |  4- 6 |  7- 9 | 10-12 | 13-15 | 16-18 || total
-------------------------+-------+-------+-------+-------+-------+-------++-------
Melee: Club              |    11 |     7 |       |       |       |       ||    18
       Dagger            |       |     5 |    37 |     4 |       |       ||    46
       Rapier            |       |       |       |   133 |   418 |    21 ||   572
       Scimitar          |       |       |       |     9 |       |       ||     9
       Staff             |       |       |       |       |    40 |       ||    40
 Cast: Magic Dart        |    68 |    40 |    89 |    55 |     1 |       ||   253
       Searing Ray       |     9 |    21 |    67 |    46 |     8 |     7 ||   158
       Iskenderun's Myst |       |     5 |     7 |     9 |       |       ||    21
       Irradiate         |       |       |    13 |    41 |   120 |    14 ||   188
       Conjure Flame     |       |       |       |    24 |     4 |       ||    28
       Stone Arrow       |       |       |       |    43 |   214 |    41 ||   298
       Bolt of Magma     |       |       |       |    24 |   106 |    88 ||   218
       Iron Shot         |       |       |       |    34 |   132 |    34 ||   200
       Lee's Rapid Decon |       |       |       |       |    28 |       ||    28
Evoke: Wand              |       |     2 |     3 |     6 |    13 |     3 ||    27
       Staff of power    |       |       |       |       |    27 |       ||    27
  Use: Scroll            |     3 |     4 |     5 |     4 |    25 |     8 ||    49
 Stab: Sleeping          |       |       |       |     1 |     2 |       ||     3
       Distracted        |       |       |       |       |     1 |       ||     1
Armor: Robe              |     7 |     4 |    49 |    65 |   164 |    23 ||   312
       Leather armour    |       |       |       |     2 |       |       ||     2
       Troll leather arm |       |       |       |       |     3 |       ||     3
Dodge: Dodged            |    29 |    26 |   136 |   193 |   443 |    63 ||   890
Block: Other             |       |       |       |    25 |     7 |       ||    32
       Reflection        |       |       |       |     1 |    24 |    15 ||    40
       Buckler           |       |       |       |       |   421 |    77 ||   498
